AoeStats
← Fredericksson

Arabia

507550300Analyzed
1v1 RM · 13d ago on Sep 18, 2026· 48m 37s· 2 players
Game mode
Random Map
Map size
Tiny (2 player)
Population
200
Speed
Normal
Resources
Standard
Victory
Conquest
Starting age
Dark Age
Ending age
Imperial Age
RankedLock teamsTeams togetherTeam positionsShared explorationLock speedFull tech treeHidden civsTurbo modeCheats
Victory
Defeat
🇨🇿 Goths · Czechia
739
+16
🇬🇧 Burmese · United Kingdom
746
-16
Goblinx
3:16 Loom
11:05 Feudal Age
11:33 Double-Bit Axe
11:31 Horse Collar
17:57 Fletching
18:17 Forging
19:49 Scale Mail Armor
21:21 Town Watch
23:53 Castle Age
22:07 Gold Mining
25:24 Iron Casting
27:01 Bow Saw
26:52 Pikeman
27:34 Squires
31:02 Chain Mail Armor
33:52 Stone Mining
35:01 Bodkin Arrow
35:06 Padded Archer Armor
35:10 Heavy Plow
35:42 Fervor
38:18 Imperial Age
36:05 Elite Skirmisher
38:40 Ballistics
40:11 Two-Man Saw
40:41 Bracer
41:41 Blast Furnace
41:38 Halberdier
44:22 Scale Barding Armor
46:44 Chemistry
47:09 Wheelbarrow
47:19 Bloodlines
46:48 Light Cavalry
47:35 Husbandry
Fredericksson
3:40 Loom
3:44 Loom
10:03 Loom
13:07 Feudal Age
19:10 Castle Age
27:47 Fletching
34:49 Bloodlines
34:40 Husbandry
45:05 Gold Mining
48:16 Imperial Age
47:34 Padded Archer Armor
47:30 Bodkin Arrow
Connection lost

Rejoining the realm…

Still unreachable

The connection could not be restored.

Session expired

The server has moved on; the page needs a fresh start.